AoeStats
← JP 2

MegaRandom

509785580Analyzed
3v3 RM · 5d ago on Sep 28, 2026· 73m 10s· 6 players
Game mode
Random Map
Map size
Normal (6 player)
Population
200
Speed
Normal
Resources
Standard
Victory
Conquest
Starting age
Dark Age
Ending age
Imperial Age
RankedLock teamsTeams togetherTeam positionsShared explorationLock speedFull tech treeHidden civsTurbo modeCheats
Victory
Defeat
🇨🇦 Burmese · Canada
1138
+17
🇨🇦 Huns · Canada
1135
+17
🇨🇦 Celts · Canada
1115
+18
🇨🇱 Britons · Chile
1224
-20
🇨🇴 Saracens · Colombia
1151
-17
🇲🇽 Persians · Mexico
1097
-15
Roxhelll
0:51 Loom
11:17 Feudal Age
17:55 Double-Bit Axe
18:20 Scale Barding Armor
18:31 Forging
22:04 Arson
31:08 Castle Age
30:35 Horse Collar
32:01 Husbandry
32:43 Gold Mining
37:09 Chain Barding Armor
37:25 Iron Casting
39:31 Town Watch
48:49 Wheelbarrow
49:00 Bloodlines
68:08 Town Patrol
NaitoMare02
6:46 Loom
9:16 Feudal Age
13:18 Fletching
20:14 Wheelbarrow
23:10 Castle Age
21:40 Padded Archer Armor
21:46 Double-Bit Axe
21:43 Horse Collar
21:55 Gold Mining
23:11 Crossbowman
23:47 Bodkin Arrow
24:03 Bow Saw
25:20 Ballistics
26:07 Leather Archer Armor
25:54 Town Watch
26:26 Pikeman
28:28 Forging
30:07 Husbandry
31:00 Hand Cart
32:18 Stone Mining
33:09 Thumb Ring
39:52 Imperial Age
38:03 Scale Barding Armor
39:27 Murder Holes
41:41 Chemistry
42:09 Masonry
42:05 Bracer
42:53 Conscription
42:01 Arbalester
44:07 Town Patrol
45:26 Ring Archer Armor
45:48 Onager
48:12 Chain Barding Armor
48:44 Counterweights
50:42 Plate Barding Armor
50:20 Bloodlines
52:19 Iron Casting
54:02 Arrowslits
56:24 Hoardings
60:58 Blast Furnace
65:05 Light Cavalry
JP 2
7:02 Loom
9:09 Feudal Age
9:31 Man-at-Arms
11:55 Arson
18:35 Fletching
20:18 Double-Bit Axe
20:57 Padded Archer Armor
24:47 Castle Age
23:07 Horse Collar
23:42 Gold Mining
25:27 Bodkin Arrow
24:52 Crossbowman
27:18 Town Watch
33:14 Leather Archer Armor
34:15 Wheelbarrow
36:26 Imperial Age
36:33 Imperial Age
34:55 Gold Shaft Mining
37:21 Bracer
36:52 Arbalester
39:29 Chemistry
42:33 Ring Archer Armor
46:00 Murder Holes
56:19 Pikeman
58:01 Conscription
57:46 Squires
58:18 Scale Mail Armor
60:56 Chain Mail Armor
62:44 Plate Mail Armor
62:56 Capped Ram
63:54 Forging
63:54 Heavy Plow
65:14 Iron Casting
68:44 Fortified Wall
SteveLV
11:06 Feudal Age
10:09 Loom
15:14 Castle Age
13:58 Double-Bit Axe
13:57 Horse Collar
14:32 Scale Barding Armor
14:39 Forging
16:22 Bow Saw
27:07 Wheelbarrow
26:52 Bloodlines
27:20 Iron Casting
27:10 Chain Barding Armor
27:29 Husbandry
33:24 Heavy Plow
37:28 Imperial Age
37:33 Cavalier
38:52 Plate Barding Armor
39:18 Blast Furnace
41:05 Paladin
60:53 Caravan
65:31 Light Cavalry
73:01 Hussar
mastermind_113
7:59 Loom
10:30 Feudal Age
13:17 Gold Mining
16:39 Castle Age
15:13 Fletching
19:38 Wheelbarrow
20:10 Stone Mining
24:35 Horse Collar
26:02 Padded Archer Armor
27:24 Bodkin Arrow
30:12 Manipur Cavalry
34:17 Hand Cart
49:58 Imperial Age
47:57 Town Watch
49:25 Ballistics
56:40 Elite Battle Elephant
57:23 Husbandry
57:35 Bloodlines
57:38 Forging
57:33 Scale Barding Armor
58:22 Scale Barding Armor
58:54 Iron Casting
60:52 Caravan
62:39 Chain Barding Armor
63:28 Blast Furnace
63:10 Capped Ram
63:58 Heavy Plow
PresentedLight
8:12 Loom
11:10 Feudal Age
17:14 Double-Bit Axe
26:19 Castle Age
32:48 Husbandry
33:02 Forging
32:57 Scale Barding Armor
33:54 Scale Barding Armor
36:21 Chain Barding Armor
36:19 Light Cavalry
38:25 Wheelbarrow
38:32 Iron Casting
41:21 Scale Mail Armor
44:33 Bow Saw
45:07 Arson
46:08 Horse Collar
49:37 Imperial Age
47:36 Fletching
48:54 Heavy Plow
49:18 Hand Cart
48:49 Town Watch
50:25 Cavalier
52:17 Blast Furnace
51:29 Stronghold
53:38 Gold Mining
53:53 Paladin
54:47 Town Patrol
55:52 Bodkin Arrow
57:11 Gold Shaft Mining
56:28 Stone Mining
61:37 Caravan
62:37 Padded Archer Armor
62:54 Elite Skirmisher
67:30 Hussar
69:53 Leather Archer Armor
Connection lost

Rejoining the realm…

Still unreachable

The connection could not be restored.

Session expired

The server has moved on; the page needs a fresh start.